 Dungeon Crawl Stone Soup version 0.27.0-1-g7a089689b8 (webtiles) character file.

Game seed: 4393921219274315688

1717 SnakkuSnakku7 the Magician (level 9, -3/59 HPs)
             Began as a Djinni Artificer on Aug 14, 2021.
             Was a Believer of Ru.
             Killed from afar by an orc (16 damage)
             ... with an iceblast
             ... on level 6 of the Dungeon.
             The game lasted 00:09:58 (8242 turns).

SnakkuSnakku7 the Magician (Djinni Artificer)       Turns: 8242, Time: 00:09:59

Health: -3/59      AC:  3    Str: 11    XL:     9   Next: 24%
Gold:   230        EV: 12    Int: 16    God:    Ru [**....] SH:  0 Dex: 14

rFire    + + .     SeeInvis .   l - +2 flail (protect)
rCold    x . .     Faith    .   (no shield)
rNeg     . . .     Spirit   .   b - +0 leather armour
rPois    ∞         Reflect  .   (no helmet)
rElec    .         Harm     .   (no cloak)
rCorr    .         Rampage  .   (no gloves)
Will     .....                  (boots unavailable)
Stlth    +.........             d - amulet of the acrobat
HPRegen  0.19/turn              (no ring)
MPRegen  0.00/turn              (no ring)

@: sluggish, flying, very slow
A: sickness immunity, fire resistance 2, cold vulnerability 1, inability to use
devices, float, innate caster, hp casting, extra vitality 1
a: Renounce Religion


You were on level 6 of the Dungeon.
You worshipped Ru.
Ru was pleased with you.
You visited 1 branch of the dungeon, and saw 6 of its levels.

You collected 230 gold pieces.

Inventory:

Hand Weapons
 a - a +0 club
 g - a +0 short sword
 l - a +2 flail of protection (weapon)
Missiles
 h - 19 poisoned darts (quivered)
Armour
 b - a +0 leather armour (worn)
 n - a +0 kite shield
Jewellery
 d - an amulet of the acrobat (around neck)
Scrolls
 c - a scroll of amnesia {unknown}
 f - 3 scrolls of identify {unknown}
 j - 5 scrolls of magic mapping {unknown}
 m - a scroll of fog {unknown}
 o - a scroll of enchant weapon {unknown}
 p - 3 scrolls of enchant armour {unknown}
 s - a scroll of noise {unknown}
Potions
 i - a potion of heal wounds {unknown}
 k - 3 potions of curing
 q - a potion of brilliance {unknown}
 t - a potion of haste {unknown}
Miscellaneous
 e - a piece from Xom's chessboard (15/15)


   Skills:
 - Level 2.5 Fighting
 - Level 6.0 Throwing
 - Level 1.0 Armour
 - Level 2.1 Dodging
 - Level 0.7 Stealth
 + Level 6.1 Spellcasting


You had 11 spell levels left.
You knew the following spells:

 Your Spells              Type           Power      Damage    Failure   Level
a - Freeze                Ice            96%        1d11      1%          1
b - Corpse Rot            Necr/Air       N/A        N/A       2%          2
c - Call Canine Familiar  Summ           24%        N/A       4%          3
d - Swiftness             Air            24%        N/A       4%          3
Your spell library was empty.

Dungeon Overview and Level Annotations

Branches:
Dungeon (6/15)
 Temple: D:4-7

Altars:
Cheibriados
Gozag
Kikubaaqudgha
Nemelex Xobeh
Ru
Trog
Wu Jian
Zin


Innate Abilities, Weirdness & Mutations

You are immune to sickness and miasma.
You are immune to poison.
Your flesh is very heat resistant. (rF++)
You are vulnerable to cold. (rC-)
You cannot study or use magical devices.
You float through the air rather than walking.
You learn spells naturally, not from books.
Your magical power is your life essence.
You have superior vitality. (+4 HP)


Message History

The orc zaps a wand.
The mass of ice explodes!
The iceblast engulfs you!
You feel a painful chill!
* * * LOW HITPOINT WARNING * * *
You start to feel a little slower.
Casting: Swiftness (dangerous; 4% risk of failure)
Confirm with . or Enter, or press ? or * to list all spells.
* * * LOW HITPOINT WARNING * * *
You swap places.
What are your orders? t - Shout!
Orders for allies: a - Attack new target. r - Retreat! s - Stop attacking. g - Guard the area. f - Follow me.
Anything else - Cancel.
Gang up on whom?
Press: ? - help, Dir - move target, f - orc
Aim: an orc, wielding a +0 dagger, wearing an amulet of guardian spirit and carrying a wand of iceblast (6) Attack!
You feel sluggish.
Your hound closely misses the orc.
Something completely misses your hound.
Throw: 21 darts (poison)
Press: ? - help, Q - select action, (/) - cycle Shift-Dir - straight line, f/p - orc
Aim: an orc, wielding a +0 dagger, wearing an amulet of guardian spirit and carrying a wand of iceblast (6) (ally target, 63% to hit)
Really fire in your hound's direction?
Okay, then.
Unknown command.
Throw: 21 darts (poison)
Press: ? - help, Q - select action, (/) - cycle Shift-Dir - straight line, f/p - orc
Aim: an orc, wielding a +0 dagger, wearing an amulet of guardian spirit and carrying a wand of iceblast (6) (ally target, 63% to hit)
You throw a poisoned dart.
The poisoned dart barely misses the orc.
Your hound bites the orc.
Throw: 20 darts (poison)
Press: ? - help, Q - select action, (/) - cycle Shift-Dir - straight line, f/p - orc
Aim: an orc, wielding a +0 dagger, wearing an amulet of guardian spirit and carrying a wand of iceblast (6) (almost dead, ally target, 63% to hit)
You throw a poisoned dart. The poisoned dart hits the orc!
The orc is poisoned.
The orc is almost dead.
The orc zaps a wand.
The mass of ice explodes!
The iceblast engulfs you!
You feel a painful chill!
You die...

####### #
##......###### ##
#...........@# .#
#............# .##
#............#
..###...........##
...##..........##
.##.........o..#
.###........h.##
.# ###.....o.## .#
#......##


You could see an orc priest, an orc (very poisoned, ally target) and a friendly
hound (summoned).

Vanquished Creatures
  A water moccasin (D:5)
  A black bear (D:4)
  A necrophage (D:5)
  An orc warrior (D:5)
  2 ogres
  A centaur (D:5)
  A phantom (D:6)
  A scorpion (D:6)
  A water moccasin zombie (D:4)
  2 jellies (D:5)
  A nameless horror (D:5)
  A bullfrog zombie (D:5)
  3 hounds
  2 centaur zombies (D:4)
  A centaur skeleton (D:6)
  4 orc priests (D:6)
  A human zombie (D:4)
  An iguana (D:6)
  2 scorpion zombies (D:4)
  Natasha (twice) (D:4)
  Terence (D:3)
  2 hound zombies (D:4)
  A mummy (D:4)
  8 adders
  6 gnolls
  A white imp (D:5)
  An ufetubus (D:4)
  2 adder skeletons
  An adder zombie (D:4)
  3 dart slugs
  9 orcs
  8 endoplasms
  4 giant cockroaches
  9 goblins
  7 hobgoblins
  3 jackals (D:1)
  3 quokkas
  3 ball pythons
  2 bats
  3 frilled lizards
  9 kobolds
  A quokka zombie (D:4)
  5 rats
122 creatures vanquished.

Vanquished Creatures (collateral kills)
  A wight (D:4)
  2 white imps (D:5)
3 creatures vanquished.

Vanquished Creatures (others)
  An orc (D:6)
  An endoplasm (D:1)
2 creatures vanquished.

Grand Total: 127 creatures vanquished

Notes
Turn   | Place    | Note
-------+----------+-------------------------------------------
     0 | D:1      | SnakkuSnakku7 the Djinni Artificer began the quest for the
                  | Orb.
     0 | D:1      | Reached XP level 1. HP: 17/17 MP: 0/0
   439 | D:1      | Reached XP level 2. HP: 10/23 MP: 0/0
   917 | D:1      | Found a faded altar of an unknown god.
   986 | D:1      | Reached XP level 3. HP: 6/29 MP: 0/0
   986 | D:1      | Learned a level 1 spell: Freeze
  2142 | D:2      | Reached skill level 1 in Throwing
  2145 | D:2      | Reached skill level 1 in Spellcasting
  2145 | D:2      | Reached XP level 4. HP: 16/34 MP: 0/0
  3220 | D:3      | Found an ornate altar of the Wu Jian Council.
  3258 | D:3      | Noticed Terence
  3268 | D:3      | Killed Terence
  3269 | D:3      | Reached XP level 5. HP: 39/39 MP: 0/0
  3269 | D:3      | Learned a level 2 spell: Corpse Rot
  3600 | D:3      | Found a sparkling altar of Nemelex Xobeh.
  3860 | D:3      | Found a glowing silver altar of Zin.
  3941 | D:3      | Found an opulent altar of Gozag.
  4029 | D:3      | Found a snail-covered altar of Cheibriados.
  4276 | D:4      | Noticed an ogre
  4289 | D:4      | Killed an ogre
  4290 | D:4      | Reached XP level 6. HP: 45/45 MP: 0/0
  4320 | D:4      | Noticed a black bear
  4343 | D:4      | Killed a black bear
  4461 | D:4      | Reached XP level 7. HP: 18/49 MP: 0/0
  4461 | D:4      | Learned a level 3 spell: Call Canine Familiar
  5494 | D:4      | Noticed Natasha
  5510 | D:4      | Killed Natasha
  5534 | D:4      | Found a bloodstained altar of Trog.
  5640 | D:4      | Reached XP level 8. HP: 47/55 MP: 0/0
  5845 | D:4      | Noticed Natasha
  5860 | D:4      | Killed Natasha
  6024 | D:5      | Entered Level 5 of the Dungeon
  6305 | D:5      | Found a sacrificial altar of Ru.
  6371 | D:5      | Reached skill level 5 in Throwing
  6373 | D:5      | Became a worshipper of Ru the Awakened
  7343 | D:5      | Reached skill level 5 in Spellcasting
  7732 | D:6      | Reached XP level 9. HP: 44/59 MP: 0/0
  7732 | D:6      | Learned a level 3 spell: Swiftness
  8128 | D:6      | Gained mutation: You cannot study or use magical devices.
                  | [Ru sacrifice]
  8128 | D:6      | Reached * piety under Ru
  8128 | D:6      | Reached ** piety under Ru
  8242 | D:6      | Killed from afar by an orc

Illustrated notes

Levels and vault maps discovered:
D:1:      dpeg_cavernosity, layout_basic, chequers_ecumenical_altar_island
D:2:      layout_loops_corners
D:3:      corexii_shack_village, layout_basic,
          pdpol_temple_overflow_zin_treasury_gozag_greed,
          kennysheep_slug_shrine, mainiacjoe_overflow_24_doors,
          nemelex_altar_shiori, uniq_terence
D:4:      layout_gridville, lemuel_mausoleum_altar_kikubaaqudgha,
          mainiacjoe_overflow_small_starburst, kennysheep_generic_room_14,
          uniq_natasha
D:5:      layout_loops_corners, nicolae_overflow_crystal_walls
D:6:      layout_cave_pods, minmay_fountain_box

Skill      XL: |  1  2  3  4  5  6  7  8  9 |
---------------+----------------------------+-----
Fighting       | 2 |  2.5
Throwing       | 1 2 3 4 5 6 |  6.0
Spellcasting   | 1 2 3 5 6 |  6.1
Evocations     | 0 |  0.0
Armour         | |  1.0
Dodging        | |  2.1
Stealth        | |  0.7

Action                   |  1- 3 |  4- 6 |  7- 9 || total
-------------------------+-------+-------+-------++-------
Melee: Club              |    64 |       |       ||    64
       Short sword       |    32 |    75 |       ||   107
       Flail             |       |    95 |   193 ||   288
Throw: Dart              |    27 |    34 |    56 ||   117
 Cast: Freeze            |       |     2 |    35 ||    37
       Call Canine Famil |       |       |    11 ||    11
       Swiftness         |       |       |     1 ||     1
Invok: Sacrifice Artific |       |       |     1 ||     1
Evoke: Wand              |     3 |       |       ||     3
 Stab: Sleeping          |     2 |     3 |     1 ||     6
       Distracted        |       |       |     1 ||     1
Armor: Leather armour    |    22 |    57 |   139 ||   218
Dodge: Dodged            |    62 |   138 |   201 ||   401
